 Dungeon Crawl Stone Soup version 0.27.1 (console) character file.

Game seed: 6862821105226709706

3 thromnambular the Sneak (level 1, -3/18 HPs)
             Began as a Human Delver on Aug 29, 2021.
             Was a Follower of Uskayaw.
             Slain by a hornet zombie (8 damage)
             ... on level 5 of the Dungeon.
             The game lasted 00:02:07 (265 turns).

thromnambular the Sneak (Human Delver)               Turns: 265, Time: 00:02:07

Health: -3/18      AC:  5    Str: 12    XL:     1   Next: 55%
Magic:  1/1        EV: 10    Int: 10    God:    Uskayaw [*.....]
Gold:   42         SH:  0    Dex: 14    Spells: 0/0 levels left

rFire    . . .     SeeInvis .   a - +0 falchion
rCold    . . .     Faith    .   (no shield)
rNeg     . . .     Spirit   .   h - +0 ring mail
rPois    .         Reflect  .   (no helmet)
rElec    .         Harm     .   (no cloak)
rCorr    .         Rampage  .   (no gloves)
Will     .....                  (no boots)
Stlth    ++........             (no amulet)
HPRegen  0.06/turn              (no ring)
MPRegen  0.07/turn              (no ring)

@: hasted, very quick
A: no striking features
a: Renounce Religion, Stomp


You were on level 5 of the Dungeon.
You worshipped Uskayaw.
Uskayaw was noncommittal.
You visited 1 branch of the dungeon, and saw 1 of its levels.

You collected 42 gold pieces.

Inventory:

Hand Weapons
 a - a +0 falchion (weapon)
Armour
 h - a +0 ring mail (worn)
Wands
 g - a wand of digging (3)
Scrolls
 c - a scroll of fog
 e - a scroll of fear


   Skills:
 + Level 3.0 Fighting
 + Level 2.1 Long Blades
 + Level 0.3 Armour
 - Level 2.0 Dodging
 - Level 5.0 Stealth


You couldn't memorise any spells.
You didn't know any spells.
Your spell library contained the following spells:

 Spells                   Type           Power      Damage    Failure   Level
 Stone Arrow              Conj/Erth      0%         3d7       95%         3
 Animate Armour           Summ/Erth      0%         N/A       100%        4
 Lehudib's Crystal Spear  Conj/Erth      0%         10d2      100%        8


Dungeon Overview and Level Annotations

Branches:
Dungeon (5/15)
 Temple: D:4-7

Altars:
Fedhas
Uskayaw


Message History

You barely miss the adder skeleton.
The adder skeleton is severely damaged.
The adder skeleton closely misses you.
You barely miss the adder skeleton.
The adder skeleton is severely damaged.
The adder skeleton bites you.
You barely miss the adder skeleton.
The adder skeleton is severely damaged.
The adder skeleton bites you but does no damage.
The adder skeleton bites you.
You hit the adder skeleton.
You destroy the adder skeleton!
You start resting.
HP restored.
You now have 42 gold pieces (gained 10).
Found a scroll labelled GAXYRH FESUG.
b - a scroll labelled GAXYRH FESUG An iguana comes into view.
An ogre comes into view. It is wielding a +0 giant spiked club.
Found 18 stones.
Found a scroll labelled SOFIZI JOXASK.
Found a ring mail, a dagger and 9 gold pieces. 2 orcs and an orc wizard come into view.
The orc shouts!
There is a stone staircase leading down here.
A scorpion comes into view.
Found a scroll labelled FOINEF JENGU.
As you read the scroll of magic mapping, it crumbles to dust.
You feel aware of your surroundings.
You sensed 2 altars.
A hornet zombie comes into view.
The scorpion barely misses you. The hornet zombie hits you!
Ouch! That really hurt!
As you read the scroll labelled GAXYRH FESUG, it crumbles to dust.
It is a scroll of amnesia.
You feel forgetful for a moment. The scorpion closely misses you.
The hornet zombie hits you.
* * * LOW HITPOINT WARNING * * *
You feel yourself speed up. The hornet zombie hits you!
You die...

,,,,,,,,,,,*,*,,*,>,,,,,,*,,,*,*,
,,,,,,,,,......,,...,,,,,,,,,,,*,
**,**,,**#.#...#*..###,*,,,,**,*,
*,,,,,,,.......,....,,<,,,,,***,
*,,*,,,,.......,...,,,,,,,,,,,,,
****,,,,.......#..#**,,,,*,,***,
**,,*##........# *,#,,,,,,,*,
*,,,,........#.###.#,**,,***,
**,,,......#@#.....#.**,,***, *
**,,**#.#..sZ.......,,,,,,*, ♣*
**,**#.............,,,,,,,, .♣
****..##.###.#######.**,*,*** .**
*,,,..........?.....,,,,,,,,, .,*
**###.##.###.#######,**,*,*** *,*
*,,....#.# #.# *,,,,*,* ***
#####..#.###o# ******,*
#..##....s...# *,*


You could see a scorpion, an orc and a hornet zombie.

Vanquished Creatures
  An adder skeleton (D:5)
1 creature vanquished.

Notes
Turn   | Place    | Note
-------+----------+-------------------------------------------
     0 | D:5      | thromnambular the Human Delver began the quest for the Orb.
     0 | D:5      | Reached XP level 1. HP: 18/18 MP: 1/1
    21 | D:5      | Found a hide-covered altar of Uskayaw.
    24 | D:5      | Noticed a +0 dagger
    25 | D:5      | Noticed a +0 hand axe
    30 | D:5      | Became a worshipper of Uskayaw the Reveller
    37 | D:5      | Found a blossoming altar of Fedhas.
    60 | D:5      | Reached * piety under Uskayaw
   197 | D:5      | Noticed an iguana
   220 | D:5      | Noticed an ogre
   241 | D:5      | Noticed an orc wizard
   251 | D:5      | Noticed a scorpion
   260 | D:5      | Noticed a hornet zombie
   265 | D:5      | Slain by a hornet zombie

Illustrated notes

Levels and vault maps discovered:
D:5:      layout_basic, nicolae_overflow_hidden_temple, fedhas_altar_fruit_tree,
          dancing_weapons_uskayaw, mainiacjoe_overflow_brackets

Action                   || total
-------------------------++-------
Melee: Falchion          ||    10
  Use: Scroll            ||     2
       Potion            ||     1
Armor: Ring mail         ||     4
Dodge: Dodged            ||     7
